cohdb
Replays
Latest Replays
All Replays
Popular Replays
Top Player Replays
Match Explorer
How It Works
Community
CoH3 Stats
Reddit
Sign in to upload your games and track your stats! →
Sign in with Steam
Match 42317817
Unlisted
Match 42317817
Overview
Messages
Build Orders
End
Construct Infanterie Kompanie
Pioneer Squad
Selects Mechanized Battlegroup
Grenadier Squad
Grenadier Squad
Grenadier Squad
Infanterie Officer Quarters
Selects Spotting Scopes
Construct Panzergrenadier Kompanie
MG 42 Machine Gun Team
Panzergrenadier Squad
Pak 40 Anti-tank Gun Team
Support Elements
StuG III G Assault Gun
Selects Raid Package
Selects Stoßtruppen Assault Package
Selects Zeroing Artillery Barrage
Panzergrenadier Squad
Panzergrenadier Squad
Selects Raid Package
Medical Bunker
Construct Panzer Kompanie
Pioneer Squad
Selects 8 Rad Armored Car
Selects UNKNOWN (2160084)
Panther Heavy Tank
Zeroing Artillery Barrage
MG 42 Machine Gun Team
Sturmpanzer IV Brummbär
Pak 40 Anti-tank Gun Team
Grenadier Squad
Panther Heavy Tank
유파_Yupa
Jarkke
huaichen
appry
colinmeier50
chiuchiu63333
0
0
Comments
sign in to comment!
No comments posted yet!